 Dungeon Crawl Stone Soup version 0.31-a0-986-g5e6e4ef867 (webtiles) character file.

Game seed: 14824969492175488020

91 Whiskey the Changeling (level 4, 0/28 HPs)
             Began as an Octopode Shapeshifter on Nov 13, 2023.
             Slain by a goblin
             ... wielding a +0 club
             ... led by Robin
              (1 damage)
             ... on level 2 of the Dungeon.
             The game lasted 00:01:50 (1667 turns).

Whiskey the Changeling (Octopode Shapeshifter)      Turns: 1667, Time: 00:01:51

Health: 0/28       AC:  1    Str: 15    XL:     4   Next: 57%
Magic:  4/4        EV: 13    Int: 12    God:
Gold:   112        SH:  0    Dex: 11    Spells: 3/3 levels left

rFire   . .          .
                       - Unarmed
rCold   . . .        (no shield)
rNeg    . . .        (helmet currently unavailable)
rPois   .            (no amulet)
rElec   .            (no ring)
rCorr   .            (no ring)
SInv    .            (no ring)
Will    .....        (no ring)
Stlth   ++           (no ring)
HPRegen 0.24/turn    (no ring)
MPRegen 0.09/turn    (no ring)
                     (no ring)

%: no passive effects
@: lethally poisoned (0 -> -3), beast-form
A: beast (slay +2), almost no armour, amphibious, 8 rings, camouflage 1,
gelatinous body 1, (nimble swimmer 1), tentacles
a: Begin Untransformation


You were on level 2 of the Dungeon.
You were a hulking beast.
You visited 1 branch of the dungeon, and saw 3 of its levels.

You collected 112 gold pieces.

Inventory:

Talismans
 b - a beast talisman
 c - a flux talisman
Scrolls
 d - a scroll of amnesia {unknown}
Potions
 a - a potion of lignification {!q}
 e - a potion of curing {unknown}
 f - a potion of degeneration {unknown}
 g - a potion of attraction {unknown}


   Skills:
 - Level 1.1 Fighting
 - Level 2.0 Dodging
 - Level 3.0 Unarmed Combat
 * Level 4.8 Shapeshifting


You had 3 spell levels left.
You didn't know any spells.
Your spell library was empty.

Dungeon Overview and Level Annotations

Branches:
Dungeon (3/15)

Altars:


Innate Abilities, Weirdness & Mutations

You are a hulking beast.
Your limbs bulge with bestial killing power. (Slay +2)
You cannot wear most types of armour.
You are amphibious.
You can wear up to eight rings at the same time.
Your skin changes colour to match your surroundings (Stealth+).
Your rubbery body absorbs attacks. (AC +1, EV +1)
((You are camouflaged when in or above water. (Stealth+)))
You have tentacles for arms and can constrict up to eight enemies at once.


Message History

You now have 108 gold pieces (gained 8).
An adder comes into view.
The adder hisses angrily.
You tentacle-slap the adder. You grab the adder. You squeeze the adder!
You kill the adder!
No target in view!
No target in view!
No target in view!
No target in view!
No target in view!
No target in view!
No target in view!
No target in view!
No target in view!
No target in view!
You now have 112 gold pieces (gained 4).
You open the door.
A dart slug comes into view.
Found a stone staircase leading down.
There is an open door here.
The dart slug launches a dart at you. The slug dart hits you.
You take 5 damage, and have 23/28 hp.
The dart slug barely misses you.
You tentacle-slap the dart slug. You grab the dart slug.
You squeeze the dart slug!
You kill the dart slug!
No target in view!
No target in view!
No target in view!
No target in view!
No target in view!
No target in view!
No target in view!
No target in view!
You see here a dart slug corpse.
You open the door.
There is an open door here.
You see here a rat corpse.
Done exploring.
Health restored: 28 Done exploring.
You see here an adder corpse.
You open the door.
There is an open door here.
There is a stone staircase leading down here.
You climb downwards.
There is a stone staircase leading up here.
An adder is nearby!
Found a stone staircase leading up. 2 goblins and an adder come into view.
A black bear, a goblin and an adder come into view.
The adder hisses angrily.
The goblin shouts!
The black bear growls angrily.
You hear a shout!
The adder hisses angrily.
You hear a shout!
The adder closely misses you.
The goblin shouts!
You tentacle-slap the adder. You grab the adder. You constrict the adder.
You hear a shout!
The adder bites you.
You take 2 damage, and have 26/28 hp.
You tentacle-slap the adder. You constrict the adder. The adder bites you.
You take 4 damage, and have 22/28 hp.
You bludgeon the adder!
You kill the adder!
The adder bites you. x2; The adder closely misses you.
The adder completely misses you.
You take 4 damage, and have 18/28 hp.
You tentacle-slap the adder. You grab the adder. You constrict the adder.
The adder bites you. x2
You take 6 damage, and have 12/28 hp.
MASSIVE DAMAGE!!
You are too injured to fight recklessly!
You are too injured to fight recklessly!
You are too injured to fight recklessly!
You are too injured to fight recklessly!
There are monsters nearby!
You release your grip on the adder.
The goblin attacks as it pursues you! The goblin barely misses you.
The goblin attacks as it pursues you! The goblin barely misses you.
The adder barely misses you. The goblin barely misses you.
The adder misses you. The adder attacks as it pursues you! The adder bites you.
You are poisoned.
The adder poisons you!
There is a stone staircase leading up, spattered with blood here.
You take 2 damage, and have 11/28 hp.
You feel sick. The adder barely misses you. The adder bites you.
* * * LOW HITPOINT WARNING * * *
The goblin hits you but does no damage.
You climb upwards.
* * * LOW HITPOINT WARNING * * *
You feel sick.
There is a stone staircase leading down here.
You take 7 damage, and have 4/28 hp.
MASSIVE DAMAGE!!
You tentacle-slap the adder.
You kill the adder!
* * * LOW HITPOINT WARNING * * *
You feel sick. The adder bites you.
* * * LOW HITPOINT WARNING * * *
The goblin hits you with a +0 club.
You die...

.#.##.#### #.# #####.# .#.##....#
##'## #####†### .#.......#
##...## #.......#####
.####....###..†..## #.#.........#
......#.###.......###.#..†#.###.#
###...#.##.........##.#...#.# #.#
.........'.........'........# #.#
###......#.....Sg..##.#...#.# #.#
##.....##.....h.###.#..##.# #.#
##....###.....## #.#.###.###.#
#.#### ##...## #...........# #.#
##+## #######.##### #.# #.# #.#
#.# #.# #.# ###.### ##.## #.#
#.....# ##...## #.#
#.....####.....# #.#


You could see an adder and a goblin.

Vanquished Creatures
  6 adders
  A worm (D:2)
  A dart slug (D:2)
  3 endoplasms (D:2)
  2 giant cockroaches
  4 goblins
  6 hobgoblins
  5 kobolds
  A quokka (D:1)
  5 ball pythons
  2 bats
  4 frilled lizards (D:1)
  2 rats
42 creatures vanquished.

Notes
Turn   | Place    | Note
-------+----------+-------------------------------------------
     0 | D:1      | Whiskey the Octopode Shapeshifter began the quest for the
                  | Orb.
     0 | D:1      | Reached XP level 1. HP: 13/13 MP: 1/1
   200 | D:1      | Reached XP level 2. HP: 16/18 MP: 2/2
   632 | D:2      | Reached XP level 3. HP: 23/23 MP: 3/3
   896 | D:2      | Reached skill level 4 in Shapeshifting
  1370 | D:2      | Reached XP level 4. HP: 21/28 MP: 4/4
  1652 | D:3      | Identified the of Tyq Fur
  1655 | D:3      | Noticed a black bear
  1665 | D:3      | HP: 6/28 [adder (3)]
  1667 | D:2      | HP: 1/28 [adder (3)]
  1667 | D:2      | Slain by a goblin

Illustrated notes

Levels and vault maps discovered:
D:1:      dpeg_arrival_simpleton_a, layout_basic, minmay_misc_feat_x,
          minivault_27
D:2:      layout_loops_corners
D:3:      layout_loops_ring, shapermc_ecumenical_altar_rom_forum,
          minmay_between, uniq_robin, uniq_ijyb

Skill      XL: |  1  2  3 |
---------------+----------+-----
Shapeshifting  | 4 |  4.8
Fighting       | |  1.1
Dodging        | |  2.0
Unarmed Combat | |  3.0

Action                     |  1- 3 |  4- 6 || total
---------------------------+-------+-------++-------
  Melee: Unarmed           |    63 |    11 ||    74
         Tentacles         |     8 |     4 ||    12
         Constrict         |    14 |     4 ||    18
         Punch             |     1 |       ||     1
   Stab: Sleeping          |     5 |     1 ||     6
 Armour: Skin              |    26 |    12 ||    38
  Dodge: Dodged            |    27 |    10 ||    37

Table legend: (Time is in decaauts)
 A = Elapsed time spent in this place.
 B = Non-inter-level travel time spent in this place.
 C = Inter-level travel time spent in this place.
 D = Time resting spent in this place.
 E = Time spent auto-exploring this place.
 F = Levels seen in this place.
 G = Mean time per level.
                   A        B        C        D        E       F      G
               +--------+--------+--------+--------+--------+-----+--------+
         Total |   1662 |   1628 |     34 |     61 |   1355 |   3 |  554.0 |
       Dungeon |   1662 |   1628 |     34 |     61 |   1355 |   3 |  554.0 |
               +--------+--------+--------+--------+--------+-----+--------+

Top non-repeatable levels by time:
     D:2: 1022 daAuts
     D:1: 626 daAuts
     D:3: 13 daAuts

Levels and vault maps discovered:
D:1:      dpeg_arrival_simpleton_a, layout_basic, minmay_misc_feat_x,
          minivault_27
D:2:      layout_loops_corners
D:3:      layout_loops_ring, shapermc_ecumenical_altar_rom_forum,
          minmay_between, uniq_robin, uniq_ijyb

Table legend: (Time is in decaauts)
 A = Elapsed time spent in this place.
 B = Non-inter-level travel time spent in this place.
 C = Inter-level travel time spent in this place.
 D = Time resting spent in this place.
 E = Time spent auto-exploring this place.
 F = Levels seen in this place.
 G = Mean time per level.
                   A        B        C        D        E       F      G
               +--------+--------+--------+--------+--------+-----+--------+
         Total |   1662 |   1628 |     34 |     61 |   1355 |   3 |  554.0 |
       Dungeon |   1662 |   1628 |     34 |     61 |   1355 |   3 |  554.0 |
               +--------+--------+--------+--------+--------+-----+--------+

Top non-repeatable levels by time:
     D:2: 1022 daAuts
     D:1: 626 daAuts
     D:3: 13 daAuts

Table legend:
 A = Kills in this place as a percentage of kills in the entire game.
 B = Kills by you in this place as a percentage of kills by you in the entire game.
 C = Kills by friends in this place as a percentage of kills by friends in the entire game.
 D = Other kills in this place as a percentage of other kills in the entire game.
 E = Experience gained in this place as a percentage of experience gained in the entire game.
 F = Experience gained in this place divided by the number of levels of this place that you have seen.
                   A       B       C       D       E      F
               +-------+-------+-------+-------+-------+----------------------
         Total | 100.0 | 100.0 |   N/A |   N/A | 100.0 |  47.7
       Dungeon | 100.0 | 100.0 |   N/A |   N/A | 100.0 |  47.7
               +-------+-------+-------+-------+-------+----------------------
